 Dungeon Crawl Stone Soup version 0.28.0 (webtiles) character file.

Game seed: 12103594923228556667

21 Prodoman the Magician (level 2, 0/19 HPs)
             Began as a Demonspawn Hedge Wizard on Feb 4, 2022.
             Slain by a jackal (2 damage)
             ... on level 1 of the Dungeon.
             The game lasted 00:02:10 (703 turns).

Prodoman the Magician (Demonspawn Hedge Wizard)      Turns: 703, Time: 00:02:12

Health: 0/19       AC:  2    Str: 10    XL:     2   Next: 62%
Magic:  0/6        EV: 12    Int: 15    God:
Gold:   14         SH:  0    Dex: 12    Spells: 6/7 levels left

rFire   . . .      SeeInvis .   a - +1 dagger
rCold   . . .      Faith    .   (no shield)
rNeg    . . .      Spirit   .   b - +0 robe
rPois   .          Reflect  .   c - +0 hat
rElec   .          Harm     .   (no cloak)
rCorr   .          Rampage  .   (no gloves)
Will    .....                   (no boots)
Stlth   ++........              (no amulet)
HPRegen 0.06/turn               (no ring)
MPRegen 0.10/turn               (no ring)

@: no status effects
A: foul stench 1
a: no special abilities


You were on level 1 of the Dungeon.
You visited 1 branch of the dungeon, and saw 1 of its levels.

You collected 14 gold pieces.

Inventory:

Hand Weapons
 a - a +1 dagger (weapon)
Armour
 b - a +0 robe (worn)
 c - a +0 hat (worn)
 d - a +1 scale mail of fire resistance


   Skills:
 + Level 1.9 Dodging
 + Level 2.0 Stealth
 * Level 3.2 Spellcasting
 + Level 1.3 Conjurations
 + Level 1.2 Summonings
 + Level 1.1 Translocations


You had 6 spell levels left.
You knew the following spells:

 Your Spells              Type           Power      Damage    Failure   Level
a - Magic Dart            Conj           24%        1d4       12%         1

Your spell library contained the following spells:

 Spells                   Type           Power      Damage    Failure   Level
 Blink                    Tloc           10%        N/A       19%         2
 Call Imp                 Summ           6%         N/A       19%         2
 Slow                     Hex            8%         N/A       21%         1
 Conjure Flame            Conj/Fire      4%         6-21      41%         3
 Mephitic Cloud           Conj/Pois/Air  3%         N/A       43%         3


Dungeon Overview and Level Annotations

Branches:
Dungeon (1/15)

Altars:


Innate Abilities, Weirdness & Mutations

You may rarely emit foul miasma when damaged in melee.


Message History

Aiming: Magic Dart (safe; 12% risk of failure)
Press: ? - help, Shift-Dir - straight line, f - jackal
Aim: a jackal (wandering, hasn't noticed you, 100% to hit)
The magic dart hits the jackal.
The jackal is heavily wounded.
The jackal bites you.
* * * LOW HITPOINT WARNING * * *
Hit: a) +1 dagger
Press: ? - help, Dir - move target, f/p - jackal
Aim: a jackal (heavily wounded, about 44% to evade your +1 dagger)
You hit the jackal.
The jackal is almost dead.
The jackal misses you.
Hit: a) +1 dagger
Press: ? - help, Dir - move target, f/p - jackal
Aim: a jackal (almost dead, about 44% to evade your +1 dagger)
You closely miss the jackal.
The jackal is almost dead.
The jackal bites you but does no damage.
The jackal bites you.
* * * LOW HITPOINT WARNING * * *
Hit: a) +1 dagger
Press: ? - help, Dir - move target, f/p - jackal
Aim: a jackal (almost dead, about 44% to evade your +1 dagger)
You hit the jackal but do no damage.
The jackal is almost dead.
The jackal closely misses you.
Hit: a) +1 dagger
Press: ? - help, Dir - move target, f/p - jackal
Aim: a jackal (almost dead, about 44% to evade your +1 dagger)
You barely miss the jackal.
The jackal is almost dead.
The jackal misses you.
Hit: a) +1 dagger
Press: ? - help, Dir - move target, f/p - jackal
Aim: a jackal (almost dead, about 44% to evade your +1 dagger)
You hit the jackal but do no damage.
The jackal is almost dead.
The jackal bites you.
You die...

#.#.#....#####.#
#.....###
#.#...#........#
#..<..##.
#.############.#
##...##..
#...)÷...#####.#
########
#####.......##.#
# #.......##.#
#.......##.#
#.......##.#
####.....@†...#
.........h†#..#
...........#..#
...........#..#
....########..#
.... #.h# ...
#... ## #†..
#....


You could see a jackal.

Vanquished Creatures
  2 ball pythons (D:1)
  A bat (D:1)
  An endoplasm (D:1)
  A giant cockroach (D:1)
  2 goblins (D:1)
  A hobgoblin (D:1)
  5 jackals (D:1)
  A quokka (D:1)
  A frilled lizard (D:1)
  A kobold (D:1)
  A rat (D:1)
17 creatures vanquished.

Notes
Turn   | Place    | Note
-------+----------+-------------------------------------------
     0 | D:1      | Prodoman the Demonspawn Hedge Wizard began the quest for
                  | the Orb.
     0 | D:1      | Reached XP level 1. HP: 13/13 MP: 4/4
   105 | D:1      | Reached skill level 1 in Translocations
   320 | D:1      | Gained mutation: You may rarely emit foul miasma when
                  | damaged in melee. [demonic ancestry]
   320 | D:1      | Reached XP level 2. HP: 19/19 MP: 4/6
   703 | D:1      | Slain by a jackal

Illustrated notes

Levels and vault maps discovered:
D:1:      dpeg_cavernosity, layout_basic, hellmonk_ecumenical_altar_slurped_away

Skill      XL: |  1 |
---------------+----+-----
Translocations | 1 |  1.1
Stealth        | 2 |  2.0
Dodging        | |  1.9
Spellcasting   | |  3.2
Conjurations   | |  1.3
Summonings     | |  1.2

Action                   || total
-------------------------++-------
Melee: Dagger            ||    24
 Cast: Magic Dart        ||    32
  Use: Scroll            ||     1
Armor: Robe              ||     5
Dodge: Dodged            ||    22
